 Dungeon Crawl Stone Soup version 0.24-a0-190-g063869c372 (webtiles) character file.

Game seed: 6059473814450065894

56630 MrRokkomies the Slicer (level 14, -5/94 HPs)
             Began as an Octopode Assassin on Mar 18, 2019.
             Was a High Priest of Nemelex Xobeh.
             Slain by a white ugly thing (14 damage)
             ... on level 14 of the Dungeon.
             The game lasted 02:11:00 (28053 turns).

MrRokkomies the Slicer (Octopode Assassin)         Turns: 28053, Time: 02:11:01

Health: -5/94      AC:  5    Str: 10    XL:     14   Next: 82%
Magic:  14/30      EV: 18    Int: 18    God:    Nemelex Xobeh [*****.]
Gold:   1365       SH: 11    Dex: 18    Spells: 4/17 levels left

rFire    + . .     SeeInvis .   a - +6 short sword (pierce)
rCold    . . .     Gourm    .   w - +0 shield
rNeg     + . .     Faith    .   (helmet restricted)
rPois    +         Spirit   .   S - amulet of magic regeneration
rElec    .         Reflect  .   i - +2 ring of intelligence
rCorr    .         Harm     .   B - ring of magical power
MR       +....                  C - ring of protection from fire
Stlth    ++++......             O - ring of positive energy
HPRegen  0.25/turn              U - ring of poison resistance
MPRegen  0.47/turn              V - ring of wizardry
                                Y - +4 ring of protection
                                (no ring)

@: marked, very slightly contaminated
A: almost no armour, stealthy swim, amphibious, 8 rings, constrict 8, camouflage
1, agile 1, gelatinous body 1, MP-powered wands
a: Draw Escape, Draw Destruction, Draw Summoning, Triple Draw, Deal Four, Stack
Five, Renounce Religion


You were on level 14 of the Dungeon.
You worshipped Nemelex Xobeh.
Nemelex Xobeh was extremely pleased with you.
You were hungry.

You visited 3 branches of the dungeon, and saw 22 of its levels.
You also visited: Ossuary.

You collected 2323 gold pieces.
You spent 958 gold pieces at shops.

Inventory:

Hand Weapons
 a - a +6 short sword of piercing (weapon)
 b - a +0 blowgun
Missiles
 c - 82 poisoned needles
 d - 9 curare-tipped needles
 s - 7 javelins
 A - 16 tomahawks (quivered)
 I - a throwing net
 T - 8 needles of paralysis
Armour
 w - a +0 shield (worn)
Jewellery
 i - a +2 ring of intelligence (left tentacle)
 u - an uncursed amulet of rage
 B - a ring of magical power (right tentacle)
 C - a ring of protection from fire (on tentacle)
 J - an uncursed ring of ice
 O - a ring of positive energy (on tentacle)
 S - an amulet of magic regeneration (around mantle)
 U - a ring of poison resistance (on tentacle)
 V - a ring of wizardry (on tentacle)
 Y - a +4 ring of protection (on tentacle)
Wands
 g - a wand of iceblast (18)
 q - a wand of flame (50)
 E - a wand of digging (3)
 L - a wand of paralysis (10)
 P - a wand of enslavement (10)
 R - a wand of clouds (6)
 X - a wand of polymorph (16)
Scrolls
 j - a scroll of enchant weapon
 k - 9 scrolls of remove curse
 l - 3 scrolls of fear
 m - 4 scrolls of enchant armour
 o - a scroll of immolation
 p - 2 scrolls of amnesia
 r - 11 scrolls of teleportation
 K - a scroll of magic mapping
 Q - 4 scrolls of identify
Potions
 e - 2 potions of resistance
 h - 5 potions of curing
 n - 3 potions of flight
 t - 3 potions of might
 v - 2 potions of agility
 x - 2 potions of haste
 z - 4 potions of invisibility
 D - 5 potions of lignification
 W - 3 potions of ambrosia
Miscellaneous
 G - 2 boxes of beasts
 H - a fan of gales
 Z - a phial of floods
Comestibles
 f - 37 rations
 M - 4 chunks of flesh


   Skills:
 - Level 8.0 Fighting
 - Level 12.0 Short Blades
 * Level 6.2 Throwing
 + Level 8.4 Dodging
 - Level 6.0 Stealth
 * Level 10.4 Shields
 - Level 2.0 Spellcasting
 - Level 3.0 Conjurations
 - Level 8.0 Hexes
 - Level 4.0 Translocations
 - Level 5.0 Air Magic
 - Level 5.0 Poison Magic
 - Level 10.0 Invocations
 - Level 6.0 Evocations


You had 4 spell levels left.
You knew the following spells:

 Your Spells              Type           Power        Failure   Level  Hunger
a - Blink                 Tloc           N/A          4%          2    ###....
b - Dazzling Spray        Conj/Hex       ###...       4%          3    ###....
d - Ensorcelled Hibernat  Hex/Ice        ###...       4%          2    ###....
e - Confuse               Hex            ####....     1%          3    ###....
f - Mephitic Cloud        Conj/Pois/Air  ###.....     6%          3    ###....

Your spell library contained the following spells:

 Spells                   Type           Power        Failure   Level  Hunger
 Corona                   Hex            ####...      1%          1    #......
 Slow                     Hex            ####....     1%          2    ###....
 Tukima's Dance           Hex            ####....     1%          3    ###....
 Magic Dart               Conj           ##..         4%          1    #......
 Flame Tongue             Conj/Fire      #....        7%          1    #......
 Summon Guardian Golem    Hex/Summ       ###.....     8%          3    ###....
 Sandblast                Erth           #.....       13%         1    #......
 Summon Small Mammal      Summ           #...         13%         1    #......
 Recall                   Summ/Tloc      N/A          16%         3    ###....
 Call Imp                 Summ           #.......     19%         2    ###....
 Passwall                 Tmut/Erth      #.......     19%         2    ###....
 Conjure Flame            Conj/Fire      #.......     21%         3    ###....
 Stone Arrow              Conj/Erth      #.....       21%         3    ###....
 Call Canine Familiar     Summ           #.......     34%         3    ###....
 Summon Lightning Spire   Summ/Air       ##......     41%         4    #####..
 Petrify                  Tmut/Erth      #.......     75%         4    #####..
 Summon Ice Beast         Ice/Summ       #.......     75%         4    #####..
 Lee's Rapid Deconstruct  Erth           #.........   96%         5    ######.
 Dragon's Call            Summ           #.........   100%        9    #######


Dungeon Overview and Level Annotations

Branches:
Dungeon (14/15)            Temple (0/1) D:5            Lair (6/6) D:9
  Swamp (0/4) Lair:4        Snake (0/4) Lair:3        Slime (0/5) Lair:6
    Orc (2/2) D:9             Elf (0/3) Orc:2        Vaults (0/5) D:13

Altars:
Cheibriados
Elyvilon
Fedhas
Gozag
Hepliaklqana
Makhleb
Nemelex Xobeh
Okawaru
Sif Muna
Uskayaw
Wu Jian
Xom
Zin
The Shining One
Jiyva

Shops:
D:6 !   Orc:2 *[=}*

Annotations:
D:3 1 runed translucent door, iamserjio's ghost, amateur OpCK
D:7 2 runed translucent doors
Lair:4 exclusion: 4 oklob plants
Abyss:1 Maurice


Innate Abilities, Weirdness & Mutations

You cannot wear most types of armour.
You are very stealthy in the water. (Stealth+)
You are amphibious.
You can wear up to eight rings at the same time.
You can use your tentacles to constrict eight enemies at once.
Your skin changes colour to match your surroundings (Stealth+).
Your rubbery body absorbs attacks. (AC +1, EV +1)
You are agile. (Dex +2)
You expend magic power (3 MP) to strengthen your wands.


Message History

You blink.
You are feeling hungry.
Okay, then.
Unknown command.
Evoke which item? (* to show all) (? for menu, Esc to quit)
Aiming: Paralyse
Press: ? - help, Shift-Dir - straight line, f/p - white ugly thing
Aim: a white ugly thing (severely wounded, chance to defeat MR: 54%)
You feel a surge of power!
The white ugly thing resists with significant effort.
Evoke which item? (* to show all) (? for menu, Esc to quit)
Aiming: Enslavement
Press: ? - help, Shift-Dir - straight line, f - white ugly thing, p - white ugly thing
Aim: a white ugly thing (almost dead, chance to defeat MR: 54%)
You feel a surge of power!
The white ugly thing resists with significant effort.
The cyan ugly thing basks in the mutagenic energy from its kin and changes!
The white ugly thing punches you!
You die...
Your body disappears without a glow.

....o.o9..###..C§.............
####y#.#.## ##u#####.......†..
##.#.#.#####u#####.####..###
...o<...o.o†u.....>......#
.......).o9Zo)...........#
##.##.#####J#.#########..# #.
#. #u#.# #..# #. #. #u#.# #..#
##.## #@#.# #..# ).......#.#
#..# #.#.#.# #..######.######
#..# #.#.#.# #..# #.......#
#..# #...#.###..# #.......#
##.# .
..........#####.......#####.###
.
................#####..)......
.# #.#.####.######## #.........
.###.#.####.##### #.........


You could see 5 ugly things, a large slime creature, a gargoyle, an orc priest,
an orc wizard and a centaur warrior skeleton.

Vanquished Creatures
  Fannar (D:10)
  5 hydras
  A two-headed ogre (D:14)
  5 orc high priests (Orc:2)
  A deep troll (D:11)
  A fire crab (Lair:5)
  An unseen horror (D:10)
  A glowing orange brain (D:11)
  A lindwurm (Lair:6)
  A wizard (D:14)
  Pikel (D:4)
  8 orc knights (Orc:2)
  2 cyclopes
  An orc sorcerer (Orc:1)
  4 black mambas
  4 elephants (Lair:4)
  Joseph (D:7)
  4 gargoyles
  9 spiny frogs
  2 molten gargoyles (Lair:6)
  A rime drake (Lair:5)
  9 komodo dragons
  A tengu conjurer (D:14)
  Prince Ribbit (D:8)
  7 dream sheep (Lair:6)
  A wolf spider simulacrum (D:14)
  3 tyrant leeches
  5 blink frogs
  5 hippogriffs
  4 slime creatures
  A tarantella (shapeshifter) (D:12)
  2 vampires
  A tarantella (D:12)
  A water elemental (D:13)
  A shadow (D:12)
  3 wyverns (Lair:6)
  17 yaks
  A fire bat (Lair:6)
  A basilisk (Lair:1)
  2 hungry ghosts
  A steam dragon (Lair:6)
  4 vampire mosquitoes (D:14)
  A swamp worm (Lair:4)
  A two-headed ogre zombie (D:9)
  9 water moccasins
  A naga (Lair:3)
  A warg (Orc:2)
  2 acid dragons
  7 porcupines
  3 hell hounds (Lair:6)
  25 orc warriors
  3 phantoms
  3 ice beasts
  A sky beast (D:12)
  7 necrophages
  3 slaves (D:4)
  A hornet zombie (D:12)
  15 ogres
  3 wolves (Lair:2)
  11 centaurs
  18 crocodiles
  13 bullfrogs
  3 water moccasin zombies (Ossuary)
  2 wyvern zombies (D:12)
  A wyvern skeleton (D:14)
  2 scorpions
  A troll zombie (D:9)
  2 water moccasin skeletons
  29 killer bees
  18 wights
  6 electric eels
  A howler monkey (D:5)
  3 lava snakes (Lair:6)
  3 crimson imps
  8 bullfrog zombies
  2 jellies
  2 centaur zombies
  3 centaur skeletons
  A gnoll shaman (Orc:1)
  22 orc priests
  8 hounds
  16 orc wizards
  Crazy Yiuf (D:7)
  5 worker ants
  2 iguanas (D:4)
  3 big kobold zombies (Ossuary)
  5 ogre zombies (D:9)
  3 hound skeletons
  A mummy (Ossuary)
  2 worker ant zombies (D:7)
  Robin (D:2)
  4 gnolls
  15 adders
  3 shadow imps
  An ooze (D:1)
  An adder zombie (Ossuary)
  A worm (D:2)
  3 dart slugs (D:1)
  3 leopard geckos
  51 orcs
  A ball python (D:7)
  8 bats
  4 giant cockroaches
  5 gnoll zombies (Ossuary)
  9 goblins
  13 hobgoblins
  6 jackals
  6 quokkas
  2 frilled lizards
  A giant cockroach zombie (D:5)
  4 goblin zombies (D:9)
  2 hobgoblin skeletons (D:9)
  6 hobgoblin zombies
  7 kobolds
  5 kobold zombies (Ossuary)
  2 orc skeletons (D:9)
  20 orc zombies
  10 rats
  5 fungi
  A plant (Lair:3)
609 creatures vanquished.

Vanquished Creatures (collateral kills)
  5 elephants (Lair:4)
  A molten gargoyle (Lair:6)
  A spiny frog (Lair:3)
  6 blink frogs
  3 dream sheep (Lair:6)
  7 yaks
  2 steam dragons (Lair:6)
  A vampire mosquito (D:7)
  An orc warrior (Orc:2)
  A crocodile (Lair:4)
  A killer bee (Lair:6)
  An adder skeleton (D:7)
  4 orcs (Orc:2)
34 creatures vanquished.

Vanquished Creatures (others)
  A spark wasp (D:13)
  A queen bee (Lair:1)
  A wyvern (Lair:6)
  A basilisk (Lair:1)
  An orc warrior (Orc:2)
  An ogre (D:7)
  A centaur (D:9)
  An iguana (D:7)
  A worker ant (D:6)
  An ogre zombie (D:9)
  A big kobold zombie (Ossuary)
  A hound skeleton (D:4)
  A worker ant zombie (D:6)
  An adder (D:2)
  2 ball lightnings
  A goblin zombie (D:9)
  A hobgoblin zombie (Ossuary)
  A kobold zombie (Ossuary)
  16 fungi
  10 plants
45 creatures vanquished.

Grand Total: 688 creatures vanquished

Notes
Turn   | Place    | Note
-------+----------+-------------------------------------------
     0 | D:1      | MrRokkomies the Octopode Assassin began the quest for the
                  | Orb.
     0 | D:1      | Reached XP level 1. HP: 14/14 MP: 1/1
    57 | D:1      | Reached XP level 2. HP: 16/19 MP: 2/2
   488 | D:1      | Reached XP level 3. HP: 24/24 MP: 3/3
   956 | D:2      | Noticed Robin
   964 | D:2      | Killed Robin
   964 | D:2      | Reached XP level 4. HP: 13/29 MP: 4/4
  1140 | D:2      | Found a sparkling altar of Nemelex Xobeh.
  1175 | D:2      | Became a worshipper of Nemelex Xobeh the Trickster
  1270 | D:2      | Found a hazy altar of Hepliaklqana.
  1271 | D:2      | Found a shimmering altar of Xom.
  1271 | D:2      | Noticed a tentacled monstrosity
  1272 | D:2      | Noticed a tentacled monstrosity
  1272 | D:2      | Noticed a spectral ugly thing
  1352 | D:2      | Received a gift from Nemelex Xobeh
  1627 | D:2      | Found a burning altar of Makhleb.
  1627 | D:2      | Noticed a green death
  1867 | D:3      | Found a runed translucent door.
  1867 | D:3      | Noticed iamserjio's ghost (amateur OpCK)
  1867 | D:3      | Noticed a sky beast
  1895 | D:3      | Reached XP level 5. HP: 30/34 MP: 5/5
  1901 | D:3      | Learned a level 2 spell: Blink
  1904 | D:3      | Learned a level 2 spell: Call Imp
  2400 | D:3      | Reached * piety under Nemelex Xobeh
  2400 | D:3      | Received a gift from Nemelex Xobeh
  2590 | D:4      | Noticed a slave
  2590 | D:4      | Noticed a slave
  2591 | D:4      | Noticed Pikel
  2592 | D:4      | Noticed a slave
  2603 | D:4      | Noticed a slave
  2609 | D:4      | Killed a slave
  2612 | D:4      | Killed a slave
  3153 | D:4      | Received a gift from Nemelex Xobeh
  3161 | D:4      | Killed a slave
  3191 | D:4      | Found a blossoming altar of Fedhas.
  3191 | D:4      | Found a deep blue altar of Sif Muna.
  3217 | D:4      | Reached skill level 3 in Short Blades
  3218 | D:4      | Found an iron altar of Okawaru.
  3218 | D:4      | Found an opulent altar of Gozag.
  3226 | D:4      | Reached skill level 1 in Shields
  3397 | D:4      | Killed Pikel
  3397 | D:4      | Reached skill level 4 in Short Blades
  3397 | D:4      | Reached XP level 6. HP: 22/39 MP: 5/7
  3397 | D:4      | Reached XP level 7. HP: 25/45 MP: 5/8
  3879 | D:5      | Entered Level 5 of the Dungeon
  3929 | D:5      | Reached skill level 5 in Short Blades
  4186 | D:5      | Reached XP level 8. HP: 50/50 MP: 10/10
  4362 | D:5      | Reached ** piety under Nemelex Xobeh
  4466 | D:5      | Received a gift from Nemelex Xobeh
  4630 | D:5      | Found a staircase to the Ecumenical Temple.
  4673 | D:5      | Found a glowing golden altar of the Shining One.
  4674 | D:5      | Found a white marble altar of Elyvilon.
  4675 | D:5      | Found a glowing silver altar of Zin.
  4842 | D:6      | Reached skill level 5 in Shields
  4896 | D:6      | Reached skill level 6 in Short Blades
  4943 | D:6      | Found a sand-covered staircase.
  4950 | Ossuary  | Entered an ossuary
  5363 | D:6      | Reached XP level 9. HP: 36/54 MP: 12/12
  5368 | D:6      | Reached skill level 7 in Short Blades
  5419 | D:6      | Found a snail-covered altar of Cheibriados.
  5643 | D:6      | Found Wioblik's Distillery.
  5652 | D:6      | Bought a potion of heal wounds for 70 gold pieces
  5652 | D:6      | Bought a potion of heal wounds for 70 gold pieces
  5652 | D:6      | Bought a potion of heal wounds for 70 gold pieces
  5673 | D:6      | Reached *** piety under Nemelex Xobeh
  5885 | D:7      | Learned a level 3 spell: Conjure Flame
  5961 | D:7      | Received a gift from Nemelex Xobeh
  5989 | D:7      | Noticed Joseph
  6010 | D:7      | Killed Joseph
  6010 | D:7      | Reached skill level 5 in Invocations
  6255 | D:7      | Found a runed translucent door.
  6256 | D:7      | Noticed Crazy Yiuf
  6263 | D:7      | Killed Crazy Yiuf
  6309 | D:7      | Received a gift from Nemelex Xobeh
  6406 | D:7      | Found a large runed translucent door.
  6407 | D:7      | Found a large runed translucent door.
  6444 | D:7      | Reached skill level 1 in Translocations
  6458 | D:7      | Reached **** piety under Nemelex Xobeh
  6523 | D:7      | Reached skill level 8 in Short Blades
  6530 | D:7      | Received a gift from Nemelex Xobeh
  6756 | D:7      | Found a large runed translucent door.
  6757 | D:7      | Found a large runed translucent door.
  6775 | D:7      | Identified the Handbook of Burning Creation
  7083 | D:7      | Noticed a gargoyle
  7088 | D:7      | Killed a gargoyle
  7088 | D:7      | Reached XP level 10. HP: 54/60 MP: 13/13
  7630 | D:8      | Reached skill level 9 in Short Blades
  7658 | D:8      | Noticed Prince Ribbit
  7680 | D:8      | Killed Prince Ribbit
  7782 | D:8      | Noticed Maurice
  7799 | D:8      | Banished Maurice
  7923 | D:8      | Found a hide-covered altar of Uskayaw.
  7965 | D:8      | Found an ornate altar of the Wu Jian Council.
  7983 | D:8      | Received a gift from Nemelex Xobeh
  8135 | D:9      | Found a hazy altar of Hepliaklqana.
  8201 | D:9      | Reached skill level 1 in Evocations
  8210 | D:9      | Found a glowing silver altar of Zin.
  8223 | D:9      | Learned a level 2 spell: Ensorcelled Hibernation
  8288 | D:9      | Received a gift from Nemelex Xobeh
  8323 | D:9      | Found a staircase to the Orcish Mines.
  8719 | D:9      | Got a brightly glowing falchion
  8720 | D:9      | Identified the cursed +1 falchion "Johauriqi" {slice, rPois
                  | MR+++} (You found it on level 9 of the Dungeon)
  8743 | D:9      | Found a staircase to the Lair.
  8762 | D:9      | Reached skill level 1 in Hexes
  8972 | D:9      | Reached skill level 10 in Short Blades
  9295 | Lair:1   | Entered Level 1 of the Lair of Beasts
  9305 | Lair:1   | Noticed a seven-headed hydra
  9311 | Lair:1   | Killed a seven-headed hydra
  9311 | Lair:1   | Reached XP level 11. HP: 25/64 MP: 14/14
  9534 | Lair:1   | Reached ***** piety under Nemelex Xobeh
  9586 | Lair:1   | Received a gift from Nemelex Xobeh
 10396 | Lair:1   | Received a gift from Nemelex Xobeh
 11499 | Lair:2   | Reached skill level 11 in Short Blades
 11499 | Lair:2   | Reached skill level 5 in Hexes
 12245 | Lair:2   | Received a gift from Nemelex Xobeh
 12802 | Lair:3   | Noticed a six-headed hydra
 12806 | Lair:3   | Killed a six-headed hydra
 12806 | Lair:3   | Reached skill level 5 in Evocations
 13339 | Lair:3   | Gained mutation: You are frail. (-10% HP) [potion of
                  | mutation]
 13339 | Lair:3   | Lost mutation: You are frail. (-10% HP) [potion of
                  | mutation]
 13339 | Lair:3   | Gained mutation: You are weak. (Str -2) [potion of
                  | mutation]
 13339 | Lair:3   | Gained mutation: You have very sharp teeth. [potion of
                  | mutation]
 13340 | Lair:3   | Lost mutation: You are weak. (Str -2) [potion of mutation]
 13340 | Lair:3   | Lost mutation: You have very sharp teeth. [potion of
                  | mutation]
 13340 | Lair:3   | Gained mutation: You are agile. (Dex +2) [potion of
                  | mutation]
 13340 | Lair:3   | Gained mutation: You expend magic power (3 MP) to
                  | strengthen your wands. [potion of mutation]
 13353 | Lair:3   | Received a gift from Nemelex Xobeh
 13363 | Lair:3   | Reached XP level 12. HP: 27/70 MP: 16/16
 14050 | Lair:3   | Reached skill level 12 in Short Blades
 14236 | Lair:3   | Found a staircase to the Snake Pit.
 15362 | Lair:4   | Noticed a five-headed hydra
 15470 | Lair:4   | Noticed a five-headed hydra
 15485 | Lair:4   | Killed a five-headed hydra
 15794 | Lair:4   | Reached skill level 5 in Fighting
 15932 | Lair:4   | Found a staircase to the Swamp.
 17043 | Lair:5   | Reached skill level 5 in Dodging
 17047 | Lair:5   | Received a gift from Nemelex Xobeh
 17255 | Lair:5   | Noticed Nessos
 17259 | Lair:5   | Noticed Nessos
 17259 | Lair:5   | Nessos changed into Nessos the cyclops
 17259 | Lair:5   | Noticed Nessos
 17259 | Lair:5   | Nessos the cyclops changed into Nessos the ogre
 17280 | Lair:5   | Killed Nessos the ogre
 17759 | Lair:6   | Entered Level 6 of the Lair of Beasts
 17800 | Lair:6   | Found a viscous altar of Jiyva.
 17801 | Lair:6   | Found a staircase to the Slime Pits.
 17831 | Lair:6   | Reached XP level 13. HP: 84/84 MP: 19/19
 18510 | Lair:6   | Received a gift from Nemelex Xobeh
 18657 | Lair:6   | Found a large runed translucent door.
 18752 | Lair:6   | Reached skill level 1 in Spellcasting
 19254 | Lair:6   | Noticed a fire dragon
 19474 | Lair:6   | Learned a level 3 spell: Confuse
 19478 | Lair:6   | Learned a level 3 spell: Mephitic Cloud
 19500 | Lair:6   | Found a large runed translucent door.
 19629 | Lair:6   | a fire dragon changed into a tyrant leech
 19856 | Orc:1    | Entered Level 1 of the Orcish Mines
 19862 | Orc:1    | Received a gift from Nemelex Xobeh
 19882 | D:9      | Reached skill level 1 in Poison Magic
 20070 | Orc:1    | Reached skill level 10 in Invocations
 20171 | Orc:2    | Entered Level 2 of the Orcish Mines
 20171 | Orc:2    | Found a staircase to the Elven Halls.
 20605 | Orc:2    | Reached skill level 1 in Air Magic
 20877 | Orc:2    | Received a gift from Nemelex Xobeh
 20890 | Orc:2    | Found Duoxka Wikas's Assorted Antiques.
 22551 | Orc:2    | Received a gift from Nemelex Xobeh
 22672 | Orc:2    | Reached skill level 5 in Poison Magic
 22672 | Orc:2    | Reached XP level 14. HP: 82/94 MP: 21/21
 22757 | Orc:2    | Reached skill level 1 in Conjurations
 23512 | Orc:2    | Reached skill level 5 in Air Magic
 23563 | Orc:2    | Found Yreabusk's Assorted Antiques.
 23566 | Orc:2    | Found Boikh's Jewellery Boutique.
 23567 | Orc:2    | Found Dypnuwk's Armour Boutique.
 23568 | Orc:2    | Found Qisoer's Gadget Shop.
 23576 | Orc:2    | Bought a box of beasts for 340 gold pieces
 23576 | Orc:2    | Bought a wand of paralysis (11) for 221 gold pieces
 23576 | Orc:2    | Bought a wand of iceblast (7) for 187 gold pieces
 23585 | Orc:2    | Learned a level 3 spell: Dazzling Spray
 23662 | D:10     | Entered Level 10 of the Dungeon
 24588 | D:10     | Received a gift from Nemelex Xobeh
 24611 | D:10     | Noticed Fannar
 24650 | D:10     | Killed Fannar
 25920 | D:11     | Reached ****** piety under Nemelex Xobeh
 26518 | D:12     | Received a gift from Nemelex Xobeh
 26787 | D:12     | Received a gift from Nemelex Xobeh
 26809 | D:12     | Reached skill level 5 in Throwing
 26936 | D:12     | Noticed Snorg
 26941 | D:12     | Noticed Snorg
 26941 | D:12     | Snorg changed into Snorg the tarantella
 26956 | D:12     | Killed Snorg the tarantella
 27506 | D:13     | You fall through a shaft!
 27573 | D:14     | Reached skill level 10 in Shields
 27582 | D:14     | Received a gift from Nemelex Xobeh
 27614 | D:13     | Found a gate to the Vaults.
 28053 | D:14     | Slain by a white ugly thing

Levels and vault maps discovered:
D:1:      lemuel_arrival_tunnels, layout_rooms
D:2:      layout_loops_ring, regret_index_temple_of_mockery,
          overflow_temple_1_default, makhleb_altar_promises_db, uniq_robin
D:3:      layout_loops_corners, first_ration, ebering_ghost_inner_flame
D:4:      layout_basic, grunt_temple_overflow_open, uniq_pikel
D:5:      layout_loops_ring, good_gods_temple_1,
          minmay_temple_entry_enclosed_plants
D:6:      layout_basic, overflow_temple_1_default, chequers_ossuary_entry_cave,
          serial_shops, nicolae_shop_trees, chequers_serial_rivers_micro_e,
          corexii_shack
D:7:      layout_layer_cave, grunt_ogre_cave, minmay_hollow_rounded_squares,
          uniq_joseph, uniq_crazy_yiuf_cottage
D:8:      layout_rooms, kennysheep_mini_moat, basic_altar, uniq_prince_ribbit1,
          uniq_maurice
D:9:      layout_rooms, david_lair_generic, zombieorc2_lemuel, basic_altar,
          lemuel_altar_in_water
D:10:     layout_basic, uniq_fannar
D:11:     layout_long_grid
D:12:     layout_gridville, serial_undead, serial_undead_b, serial_undead_f,
          serial_undead_f, serial_undead_a, serial_undead_f, serial_undead_e,
          serial_undead_e, serial_undead_a, serial_undead_b, serial_undead_f,
          hex_medium, uniq_snorg
D:13:     layout_basic, lightli_vaults_fourway_checkpoint, kennysheep_cross_room
D:14:     layout_basic
Lair:1:   layout_roguey, special_room [special_room_bee],
          chequers_serial_rivers_room_b, grunt_megastairs_4
Lair:2:   layout_cave_pods
Lair:3:   layout_roguey, guppyfry_snake_entry_island, st_stairs_4,
          beast_lair_carwin_2, serial_bayou_shore_a
Lair:4:   layout_roguey, palyth_hydra_swamp_entry, patterned_corridor,
          minmay_lair_oklob_chamber
Lair:5:   layout_cave_pods, infiniplex_staircase_pool_2, grunt_megastairs_1,
          uniq_nessos
Lair:6:   cheibrodos_lair_end_hotspot, layout_cave_pods, slime_altar_1
Orc:1:    layout_caves
Orc:2:    st_orc_pillars, layout_diamond_mine, serial_shops, shop
Ossuary:  ossuary_tomb_2

Skill      XL: |  1  2  3  4  5  6  7  8  9 10 11 12 13 14 |
---------------+-------------------------------------------+-----
Dodging        | 2 3 5 7 8 |  8.4
Throwing       | 3 6 |  6.2
Stealth        | 6 |  6.0
Short Blades   | 4 5 6 8 10 11 12 | 12.0
Shields        | 3 4 6 8 9 10 | 10.4
Invocations    | 2 3 4 5 8 10 | 10.0
Translocations | 2 4 |  4.0
Evocations     | 3 5 6 |  6.0
Hexes          | 3 7 8 |  8.0
Fighting       | 6 8 |  8.0
Spellcasting   | 2 |  2.0
Poison Magic   | 5 |  5.0
Air Magic      | 3 5 |  5.0
Conjurations   | 3 |  3.0

Action                   |  1- 3 |  4- 6 |  7- 9 | 10-12 | 13-15 || total
-------------------------+-------+-------+-------+-------+-------++-------
Melee: Dagger            |    45 |       |       |       |       ||    45
       Constrict         |    19 |    15 |    36 |    54 |   113 ||   237
       Tentacles         |     8 |    14 |    25 |    60 |   189 ||   296
       Short sword       |    16 |    75 |   165 |   455 |   752 ||  1463
 Fire: Blowgun           |     5 |       |       |    60 |   200 ||   265
Throw: Stone             |     1 |     6 |       |   109 |    47 ||   163
       Tomahawk          |       |    12 |     1 |    12 |    10 ||    35
       Javelin           |       |       |    12 |    18 |       ||    30
       Throwing net      |       |       |       |     1 |     2 ||     3
 Cast: Blink             |       |       |       |    22 |    31 ||    53
       Ensorcelled Hiber |       |       |       |    39 |    48 ||    87
       Call Imp          |       |       |       |     1 |       ||     1
       Confuse           |       |       |       |       |    18 ||    18
       Mephitic Cloud    |       |       |       |       |     1 ||     1
Invok: Deal Four         |       |       |       |     2 |     1 ||     3
       Triple Draw       |       |       |       |       |     3 ||     3
 Abil: Draw Summoning    |       |       |     1 |     7 |     2 ||    10
       Draw Destruction  |       |       |       |    24 |    33 ||    57
       Draw Escape       |       |       |       |     2 |     2 ||     4
Evoke: Wand              |       |     3 |     1 |    12 |    21 ||    37
       Phial of floods   |       |       |       |       |     1 ||     1
  Use: Scroll            |       |    15 |     8 |    10 |     5 ||    38
       Potion            |       |     1 |     1 |    12 |     4 ||    18
 Stab: Sleeping          |    11 |    11 |    28 |    37 |    39 ||   126
       Distracted        |       |       |       |     1 |     2 ||     3
       Invisible         |       |       |       |     5 |    10 ||    15
       Paralysed         |       |       |       |     4 |     2 ||     6
       Confused          |       |       |       |       |    11 ||    11
       Held in net/web   |       |       |       |       |     1 ||     1
  Eat: Chunk             |       |     4 |     6 |    23 |    27 ||    60
       Ration            |       |     1 |     2 |     5 |     4 ||    12
Armor: Skin              |     8 |       |     4 |    11 |    41 ||    64
Dodge: Dodged            |    42 |    20 |    42 |   162 |   285 ||   551
Block: Shield            |       |     8 |    48 |   147 |   249 ||   452

Table legend:
 A = Non-vault XP
 B = Vault XP
 C = Vault XP percentage of total XP
 D = Non-vault monster count
 E = Vault monster count
 F = Vault count percentage of total count
                 A         B        C        D         E       F
            +---------+---------+-------+---------+---------+-------
      Total |   47987 |   32913 |  40.7 |     402 |     250 |  38.3
            +---------+---------+-------+---------+---------+-------
        D:1 |      58 |       0 |   0.0 |      28 |       0 |   0.0
        D:2 |      56 |      26 |  31.7 |      21 |       7 |  25.0
        D:3 |      39 |       0 |   0.0 |       9 |       0 |   0.0
        D:4 |     146 |     593 |  80.2 |       8 |       1 |  11.1
        D:5 |     533 |       0 |   0.0 |      14 |       0 |   0.0
        D:6 |     787 |       1 |   0.1 |      16 |       1 |   5.9
        D:7 |     814 |    1525 |  65.2 |      19 |      12 |  38.7
        D:8 |     935 |     700 |  42.8 |      14 |       2 |  12.5
        D:9 |     885 |    1481 |  62.6 |      18 |      40 |  69.0
       D:10 |    4111 |     926 |  18.4 |      37 |       1 |   2.6
       D:11 |    4032 |       0 |   0.0 |      36 |       0 |   0.0
       D:12 |    1450 |    1618 |  52.7 |      12 |      17 |  58.6
       D:13 |     693 |    1328 |  65.7 |       6 |       2 |  25.0
       D:14 |    6115 |       0 |   0.0 |      28 |       0 |   0.0
     Lair:1 |    1798 |    1818 |  50.3 |       7 |      25 |  78.1
     Lair:2 |    2269 |       0 |   0.0 |      16 |       0 |   0.0
     Lair:3 |    3317 |    1716 |  34.1 |      20 |       7 |  25.9
     Lair:4 |    6185 |    1970 |  24.2 |      23 |       5 |  17.9
     Lair:5 |    3193 |     891 |  21.8 |      12 |       5 |  29.4
     Lair:6 |    7828 |    5666 |  42.0 |      25 |      26 |  51.0
      Orc:1 |    1072 |       0 |   0.0 |      11 |       0 |   0.0
      Orc:2 |    1671 |   12262 |  88.0 |      22 |      68 |  75.6
    Ossuary |       0 |     392 | 100.0 |       0 |      31 | 100.0
            +---------+---------+-------+---------+---------+-------
